 Dungeon Crawl Stone Soup version 0.17.2 (webtiles) character file.

1157 Goblin1989 the Basher (level 8, -2/44 HPs)
             Began as a Gargoyle Gladiator on June 2, 2016.
             Was an Initiate of Gozag.
             Slain by an orc wizard
             ... wielding a +2 dagger of distortion
              (6 damage)
             ... on level 6 of the Dungeon on June 3, 2016.
             The game lasted 00:10:50 (4638 turns).

Goblin1989 the Basher (Gargoyle Gladiator)          Turns: 4638, Time: 00:10:50

Health: -2/44      AC: 15    Str: 20    XL:     8   Next: 39%
Magic:  8/8        EV: 11    Int: 10    God:    Gozag
Gold:   155        SH:  0    Dex: 10    Spells: 0 memorised, 7 levels left

rFire  . . .     SeeInvis .     b - +0 whip (drain)
rCold  . . .     Clarity  .     p - +0 ring mail
rNeg   + . .     SustAt   .     (no shield)
rPois  ∞         Gourm    .     c - +0 helmet
rElec  +         Spirit   .     z - +2 cloak
rCorr  .         Warding  .     (no gloves)
rMut   .         Stasis   .     o - +0 pair of boots
MR     .....                    (no amulet)
Stlth  ..........               (no ring)
                                j - +3 ring of slaying

@: not resistant to hostile enchantments, extremely unstealthy
A: negative energy resistance 1, electricity resistance, unbreathing,
petrification resistance, rot immunity, AC +5
a: Potion Petition, Call Merchant, Bribe Branch, Renounce Religion


You were on level 6 of the Dungeon.
You worshipped Gozag.
Gozag was noncommittal.
You were completely stuffed.

You visited 2 branches of the dungeon, and saw 7 of its levels.

You collected 360 gold pieces.
You spent 91 gold pieces at shops.
You paid 114 gold pieces to Gozag.

Inventory:

Hand Weapons
 a - a +0 flail
 b - a +0 whip of draining (weapon)
Missiles
 d - 2 throwing nets (quivered) {=f, !d}
 x - 4 poisoned tomahawks
Armour
 c - a +0 helmet (worn)
 o - a +0 pair of boots (worn)
 p - a +0 ring mail (worn)
 z - a +2 cloak (worn)
Jewellery
 j - a +3 ring of slaying (left hand)
Wands
 w - a wand of polymorph (12)
 y - a wand of magic darts (19)
Scrolls
 f - 2 scrolls of enchant weapon {unknown}
 g - 8 scrolls of remove curse {unknown}
 m - a scroll of blinking {unknown}
 r - a scroll of amnesia {unknown}
 s - a scroll of noise {unknown}
Potions
 h - a potion of agility {unknown}
 i - 2 potions of might {unknown}
 k - a potion of resistance {unknown}
 l - a potion of lignification {unknown}
 n - 2 potions of poison {unknown}
 q - a potion of heal wounds {unknown}
 t - a potion of haste
 u - a potion of curing {unknown}
Comestibles
 e - 3 bread rations
 v - a slice of pizza


   Skills:
 - Level 2.1 Fighting
 * Level 10.1 Maces & Flails
 - Level 1.7 Throwing
 - Level 2.4 Dodging


You had 7 spell levels left.
You didn't know any spells.

Dungeon Overview and Level Annotations

Branches:
Dungeon (6/15)             Temple (1/1) D:6

Altars:
Ashenzari
Dithmenos
Gozag
Kikubaaqudgha
Nemelex Xobeh
Okawaru
Ru
Trog
Vehumet
Xom
Zin

Shops:
D:5 (


Innate Abilities, Weirdness & Mutations

You are resistant to torment.
Your stone body is resilient (AC +5).
You are immune to poison.
You resist negative energy.
You are resistant to electric shocks.
You can survive without breathing.
You are immune to petrification.
You are immune to rotting.


Message History

You barely miss the orc warrior.
The orc wizard gestures wildly while chanting.
The orc wizard flickers and vanishes!
Deactivating autopickup; reactivate with Ctrl-A.
You hit the orc warrior. You drain the orc warrior!
You kill the orc warrior!
Your Maces & Flails skill increases to level 10!
Something hits you but does no damage. Space warps horribly around you!
* * * LOW HITPOINT WARNING * * *
Things that are here:
3 gold pieces; a long sword; a plate armour You take 12 damage, and have 6/44 hp.
MASSIVE DAMAGE!!
You hit something but do no damage. Something hits you but does no damage.
Space bends around you.
* * * LOW HITPOINT WARNING * * *
You take 3 damage, and have 3/44 hp.
You miss something. Something hits you but does no damage.
Space bends around you.
You die...
Your body crumbles into a pile of gold.

### #### ##.## ..#
##.#.## #.#
######.###.## #.#
#........##.# #@#
#..........##
#######{###.#####...##
#.....ao....#.......#
#.............####..###
#..###.$###.#.........##
#. #..# #.###.........
>.... #.# #.#####.##
.>........# #. #.##
.........#### # #...


You could see a worker ant and an orc.

Vanquished Creatures
  An orc warrior (D:6)
  2 ogres (D:4)
  2 centaurs (D:5)
  A giant frog (D:6)
  4 crimson imps (D:3)
  2 hounds (D:5)
  A jelly (D:5)
  A giant frog skeleton (D:4)
  An orc wizard (D:5)
  2 iguanas
  2 worker ants (D:5)
  A worker ant zombie (D:6)
  Robin (D:3)
  11 adders
  4 gnolls (D:4)
  An ooze (D:1)
  An adder skeleton (D:4)
  3 worms
  4 giant geckos
  9 orcs
  13 bats
  5 giant cockroaches
  18 goblins
  12 hobgoblins
  4 jackals (D:1)
  A quokka (D:6)
  3 ball pythons
  10 giant newts
  2 jackal zombies (D:5)
  6 kobolds
  2 quokka skeletons
  4 rats
134 creatures vanquished.

Vanquished Creatures (others)
  An orc wizard (D:5)
1 creature vanquished.

Grand Total: 135 creatures vanquished

Notes
Turn   | Place    | Note
--------------------------------------------------------------
     0 | D:1      | Goblin1989 the Gargoyle Gladiator began the quest for the Orb.
     0 | D:1      | Reached XP level 1. HP: 12/12 MP: 1/1
   170 | D:1      | Reached XP level 2. HP: 12/17 MP: 2/2
   446 | D:1      | Reached skill level 4 in Maces & Flails
   450 | D:1      | Reached XP level 3. HP: 18/21 MP: 3/3
  1016 | D:2      | Reached XP level 4. HP: 26/26 MP: 4/4
  1204 | D:2      | Reached skill level 5 in Maces & Flails
  1680 | D:3      | Found a glowing silver altar of Zin.
  1793 | D:3      | Reached XP level 5. HP: 28/30 MP: 5/5
  1803 | D:3      | Found a shimmering altar of Xom.
  1875 | D:3      | Noticed Robin
  1921 | D:3      | Killed Robin
  2030 | D:3      | Reached skill level 6 in Maces & Flails
  2239 | D:3      | Reached XP level 6. HP: 35/35 MP: 6/6
  2469 | D:4      | Reached skill level 7 in Maces & Flails
  2755 | D:4      | Reached XP level 7. HP: 40/40 MP: 7/7
  2775 | D:4      | Reached skill level 8 in Maces & Flails
  3074 | D:4      | Found a bloodstained altar of Trog.
  3075 | D:4      | Found an iron altar of Okawaru.
  3273 | D:5      | Entered Level 5 of the Dungeon
  3730 | D:5      | Reached skill level 9 in Maces & Flails
  3797 | D:5      | Reached XP level 8. HP: 28/44 MP: 8/8
  3843 | D:5      | Found Geass's Weapon Shoppe.
  3846 | D:5      | Bought a +0 whip of draining for 91 gold pieces
  4420 | D:6      | Found a staircase to the Ecumenical Temple.
  4433 | Temple   | Entered the Ecumenical Temple
  4485 | Temple   | Became a worshipper of Gozag Ym Sagoz the Greedy
  4635 | D:6      | Reached skill level 10 in Maces & Flails
  4638 | D:6      | Slain by an orc wizard

Action                   |  1- 3 |  4- 6 |  7- 9 || total
-------------------------+-------+-------+-------++-------
Melee: Flail             |   128 |   214 |   141 ||   483
       Whip              |       |       |    52 ||    52
Throw: Throwing net      |       |     2 |     1 ||     3
  Use: Potion            |       |     3 |       ||     3
 Stab: Held in net/web   |       |     1 |       ||     1
  Eat: Meat ration       |       |     2 |       ||     2
       Fruit             |       |       |     8 ||     8
       Bread ration      |       |       |     1 ||     1
       Chunk             |       |       |     1 ||     1
